 Dungeon Crawl Stone Soup version 0.23.2-30-g0e89c35 (webtiles) character file.

Game seed: 8646109232806432615

11465 Fortress the Arsonist (level 11, -6/68 HPs)
             Began as a Demonspawn Fire Elementalist on June 10, 2019.
             Was an Elder of Vehumet.
             Killed by divine providence
             ... invoked by an orc priest
              (8 damage)
             ... on level 2 of the Orcish Mines.
             The game lasted 01:51:12 (14242 turns).

Fortress the Arsonist (DsFE)                       Turns: 14242, Time: 01:51:14

Health: -6/68      AC: 20    Str:  9    XL:     11   Next: 49%
Magic:  17/25      EV: 12    Int: 19    God:    Vehumet [****..]
Gold:   829        SH:  0    Dex: 14    Spells: 10/30 levels left

rFire    + . .     SeeInvis .   a - +2 flail (protect)
rCold    . . .     Gourm    .   (no shield)
rNeg     . . .     Faith    .   L - +3 leather armour of Feamm {rC+ Regen+ Stlth+}
rPois    +         Spirit   .   (helmet unavailable)
rElec    .         Reflect  .   n - +1 cloak {MR+}
rCorr    .         Harm     .   G - +2 pair of gloves
MR       +....                  (no boots)
Stlth    +++.......             (no amulet)
HPRegen  0.61/turn              A - +5 ring of protection
MPRegen  0.19/turn              f - ring of fire

@: about to teleport
A: horns 3, slimy green scales 3, spiny 1
a: Renounce Religion


You were on level 2 of the Orcish Mines.
You worshipped Vehumet.
Vehumet was greatly pleased with you.
You were not hungry.

You visited 3 branches of the dungeon, and saw 13 of its levels.

You collected 829 gold pieces.

Inventory:

Hand Weapons
 a - a +2 flail of protection (weapon)
 g - a +2 short sword of venom
 D - a +1 blowgun
 P - a +2 dagger of chaos
Missiles
 i - 522 stones (quivered)
 l - 8 tomahawks of returning
 E - 22 poisoned needles
 J - 4 curare-tipped needles
Armour
 n - a +1 cloak of magic resistance (worn)
 z - a +1 leather armour of magic resistance
 G - a +2 pair of gloves (worn)
 L - the +3 leather armour of Feamm (worn) {rC+ Regen+ Stlth+}
   (You found it on level 7 of the Dungeon)

   It protects you from cold.
   It increases your rate of regeneration.
   It makes you more stealthy.
 W - a +0 troll leather armour
Jewellery
 f - a ring of fire (right hand)
 k - a +4 ring of protection
 m - an uncursed amulet of magic regeneration
 r - an uncursed ring of protection from magic
 s - an uncursed ring of wizardry
 v - an uncursed ring of stealth {unknown}
 x - an uncursed ring of protection from cold
 A - a +5 ring of protection (left hand)
 I - an uncursed ring of magical power {unknown}
 U - an uncursed ring of resist corrosion {unknown}
Wands
 H - a wand of scattershot (12)
 S - a wand of digging (5)
 V - a wand of flame (21)
Scrolls
 b - 3 scrolls of identify
 d - a scroll of fear {unknown}
 o - a scroll of enchant armour {unknown}
 t - a scroll of teleportation
 u - 4 scrolls of remove curse
 y - 3 scrolls of enchant weapon
 B - 4 scrolls of amnesia
 M - 2 scrolls of fog
 T - a scroll of summoning {unknown}
Potions
 e - a potion of brilliance {unknown}
 h - a potion of curing
 j - 2 potions of agility
 p - a potion of resistance
 q - 2 potions of invisibility
 w - 2 potions of magic
 C - a potion of berserk rage {unknown}
 F - 2 potions of lignification {unknown}
 K - 2 potions of flight {unknown}
 N - 2 potions of mutation {unknown}
 O - a potion of might {unknown}
 Q - a potion of cancellation {unknown}
 R - 2 potions of experience {unknown}
Comestibles
 c - 15 rations


   Skills:
 - Level 2.0 Dodging
 - Level 2.0 Stealth
 - Level 10.0 Spellcasting
 - Level 10.0 Conjurations
 * Level 2.2 Hexes
 + Level 10.2 Fire Magic
 * Level 2.2 Evocations


You had 10 spell levels left.
You knew the following spells:

 Your Spells              Type           Power        Failure   Level  Hunger
a - Flame Tongue          Conj/Fire      #####        1%          1    None
b - Throw Flame           Conj/Fire      ######       1%          2    None
c - Conjure Flame         Conj/Fire      ######..     1%          3    None
d - Searing Ray           Conj           #####.       1%          2    None
e - Sticky Flame          Conj/Fire      ######..     1%          4    ##.....
f - Fireball              Conj/Fire      ######....   1%          5    #####..
g - Inner Flame           Hex/Fire       #####...     1%          3    None

Your spell library contained the following spells:

 Spells                   Type           Power        Failure   Level  Hunger
 Ignite Poison            Fire/Tmut/Pois ####....     2%          3    None
 Dazzling Spray           Conj/Hex       ####..       1%          3    None
 Confusing Touch          Hex            ###...       4%          1    None
 Corona                   Hex            ###....      4%          1    None
 Ensorcelled Hibernation  Hex/Ice        ##....       10%         2    None
 Animate Skeleton         Necr           N/A          11%         1    None
 Apportation              Tloc           #.....       11%         1    None
 Infusion                 Chrm           #...         11%         1    None
 Summon Small Mammal      Summ           #...         11%         1    None
 Confuse                  Hex            ###.....     12%         3    None
 Tukima's Dance           Hex            ###.....     12%         3    None
 Shroud of Golubria       Chrm/Tloc      #.........   16%         2    None
 Song of Slaying          Chrm           #.......     16%         2    None
 Spectral Weapon          Hex/Chrm       ##......     21%         3    None
 Regeneration             Chrm/Necr      #.........   30%         3    None


Dungeon Overview and Level Annotations

Branches:
Dungeon (10/15)            Temple (1/1) D:7            Lair (0/6) D:10
    Orc (2/2) D:9
    Elf: Orc:2

Altars:
Ashenzari
Cheibriados
Dithmenos
Elyvilon
Fedhas
Gozag
Hepliaklqana
Kikubaaqudgha
Makhleb
Nemelex Xobeh
Okawaru
Qazlal
Ru
Sif Muna
Trog
Uskayaw
Vehumet
Wu Jian
Xom
Yredelemnul
Zin
The Shining One

Shops:
D:2 *   D:5 (

Annotations:
D:9 3 runed translucent doors, exclusion: 3 doors, MollyMolluskus's ghost, novice OpFi


Innate Abilities, Weirdness & Mutations

You have a pair of large horns on your head.
You are completely covered in slimy green scales. (AC +4, rPois)
You are partially covered in sharp spines.


Message History

* * * LOW HITPOINT WARNING * * *
The orc priest is struck by your spines.
The orc priest hits you with a +0 mace.
* * * LOW HITPOINT WARNING * * *
The orc priest closely misses you.
You feel better.
The orc priest calls upon Beogh to heal the orc priest.
The orc priest's wounds heal themselves!
The orc priest invokes the aid of Beogh against you.
Beogh smites you!
* * * LOW HITPOINT WARNING * * *
The orc priest looks satisfied for a moment.
As you read the scroll of teleportation, it crumbles to dust.
You feel strangely unstable.
The orc priest hits you but does no damage.
The orc priest is struck by your spines.
The orc priest closely misses you.
The orc priest invokes the aid of Beogh against you.
Beogh smites you!
You die...

.†)).##.........#
....###.##......## ....#
###.......#. # ...##
#.......#..#
....######.......##
.....##.......#...#
<.....#.......##.### #
...............#)#.#...#
................@o......
.............#.#oo...##.
.............####....#
#...........## #....#
##...........# ##.##
.............# ##
.............#
......#.)....#
.†....#......##


You could see 3 orc priests.

Vanquished Creatures
  A two-headed ogre (D:8)
  An unseen horror (D:8)
  An orc sorcerer (Orc:2)
  A wolf spider (D:8)
  Maurice (D:9)
  A black mamba (shapeshifter) (D:8)
  Psyche (D:8)
  2 trolls (Orc:2)
  2 hippogriffs
  A wyvern (D:9)
  9 yaks (D:9)
  3 hungry ghosts
  Menkaure (D:6)
  3 wargs (D:9)
  3 ice beasts
  3 orc warriors
  2 phantoms
  3 sky beasts
  5 centaurs
  4 ogres
  8 big kobolds
  3 bullfrogs
  2 gnoll sergeants (D:6)
  2 scorpions
  9 killer bees (D:7)
  6 howler monkeys
  A bullfrog zombie (D:7)
  5 crimson imps
  A centaur zombie (D:5)
  10 orc wizards
  10 orc priests
  2 centaur skeletons
  11 hounds
  2 jellies (D:10)
  2 bullfrog skeletons
  Jessica (D:2)
  An iguana (D:8)
  4 worker ants
  A hound skeleton (D:7)
  A worker ant zombie (D:7)
  12 gnolls
  11 adders
  2 shadow imps
  An ooze (D:1)
  4 worms
  6 dart slugs
  7 leopard geckos
  38 orcs
  6 giant cockroaches
  5 goblins
  12 hobgoblins
  7 jackals
  4 quokkas
  2 ball pythons
  8 bats
  4 frilled lizards
  59 kobolds
  A leopard gecko skeleton (D:4)
  A quokka skeleton (D:3)
  A quokka zombie (D:5)
  7 rats
328 creatures vanquished.

Vanquished Creatures (others)
  A kobold (D:10)
  4 plants (D:9)
5 creatures vanquished.

Grand Total: 333 creatures vanquished

Notes
Turn   | Place    | Note
-------+----------+-------------------------------------------
     0 | D:1      | Fortress the Demonspawn Fire Elementalist began the quest
                  | for the Orb.
     0 | D:1      | Reached XP level 1. HP: 13/13 MP: 3/3
   339 | D:1      | Gained mutation: You have a pair of small horns on your
                  | head. [demonic ancestry]
   339 | D:1      | Reached XP level 2. HP: 19/19 MP: 3/5
  1278 | D:3      | Noticed a scorpion
  1291 | D:3      | Gained mutation: You are partially covered in sharp spines.
                  | [demonic ancestry]
  1291 | D:3      | Reached XP level 3. HP: 24/24 MP: 4/6
  1842 | D:2      | Found Zin's Purification Station.
  1843 | D:2      | Found a glowing silver altar of Zin.
  1952 | D:2      | Noticed Jessica
  1957 | D:2      | Killed Jessica
  1957 | D:2      | Gained mutation: You have a pair of horns on your head.
                  | [demonic ancestry]
  1957 | D:2      | Reached XP level 4. HP: 10/30 MP: 3/8
  2197 | D:2      | Found a blossoming altar of Fedhas.
  2335 | D:2      | Found a glowing golden altar of the Shining One.
  2395 | D:2      | Found a snail-covered altar of Cheibriados.
  2651 | D:3      | Reached XP level 5. HP: 35/35 MP: 6/10
  3095 | D:3      | Found a faded altar of an unknown god.
  3335 | D:3      | Found a radiant altar of Vehumet.
  3373 | D:3      | Found a basalt altar of Yredelemnul.
  3397 | D:3      | Gained mutation: You are partially covered in slimy green
                  | scales. (AC +2) [demonic ancestry]
  3397 | D:3      | Reached XP level 6. HP: 41/41 MP: 7/11
  3811 | D:3      | Learned a level 2 spell: Throw Flame
  3815 | D:3      | Learned a level 3 spell: Conjure Flame
  4105 | D:3      | Reached skill level 5 in Fire Magic
  4105 | D:3      | Gained mutation: You have a pair of large horns on your
                  | head. [demonic ancestry]
  4105 | D:3      | Reached XP level 7. HP: 12/46 MP: 1/13
  4107 | D:3      | HP: 2/46 [gnoll/+0 halberd (11)]
  4574 | D:3      | Reached skill level 5 in Spellcasting
  4785 | D:3      | Became a worshipper of Vehumet
  4999 | D:5      | Entered Level 5 of the Dungeon
  5286 | D:4      | Found a shimmering altar of Xom.
  5802 | D:5      | Found Idikhlass's Antique Weapon Shoppe.
  6023 | D:5      | Reached XP level 8. HP: 52/52 MP: 0/16
  6169 | D:5      | Found an ornate altar of the Wu Jian Council.
  6194 | D:5      | Reached skill level 5 in Conjurations
  6412 | D:5      | Reached * piety under Vehumet
  6412 | D:5      | Offered knowledge of Freeze by Vehumet.
  6979 | D:6      | Found a shattered altar of Ashenzari.
  6985 | D:6      | Found an iron altar of Okawaru.
  7065 | D:6      | Noticed Menkaure
  7191 | D:6      | Found a stormy altar of Qazlal.
  7211 | D:6      | Killed Menkaure
  7211 | D:6      | Reached XP level 9. HP: 45/57 MP: 9/19
  7416 | D:6      | Found a hide-covered altar of Uskayaw.
  7417 | D:6      | Found a shattered altar of Ashenzari.
  8119 | D:7      | Offered knowledge of Searing Ray by Vehumet.
  8344 | D:7      | Learned a level 2 spell: Searing Ray
  8349 | D:7      | Learned a level 4 spell: Sticky Flame
  8383 | D:7      | Found a staircase to the Ecumenical Temple.
  8403 | D:7      | Reached ** piety under Vehumet
  8467 | Temple   | Entered the Ecumenical Temple
  8750 | D:7      | Found a sparkling altar of Nemelex Xobeh.
  8758 | D:7      | Got a steaming leather armour
  8822 | D:6      | Found an ancient bone altar of Kikubaaqudgha.
  9388 | D:6      | Offered knowledge of Dazzling Spray by Vehumet.
  9892 | D:7      | You fall through a shaft!
 10156 | D:7      | Gained mutation: You are mostly covered in slimy green
                  | scales. (AC +3) [demonic ancestry]
 10156 | D:7      | Reached XP level 10. HP: 59/63 MP: 17/22
 10395 | D:8      | Reached *** piety under Vehumet
 10403 | D:8      | Learned a level 5 spell: Fireball
 10407 | D:8      | Learned a level 3 spell: Inner Flame
 10579 | D:8      | Noticed Psyche
 10587 | D:8      | Killed Psyche
 10959 | D:8      | Noticed a two-headed ogre
 10960 | D:8      | Noticed a wolf spider
 10961 | D:8      | Found a large runed translucent door.
 10973 | D:8      | Killed a wolf spider
 10986 | D:8      | Killed a two-headed ogre
 11105 | D:8      | Found a large runed translucent door.
 11580 | D:8      | Found an ornate altar of the Wu Jian Council.
 11591 | D:8      | HP: 1/63 [something (9)]
 11889 | D:8      | Found an ancient bone altar of Kikubaaqudgha.
 11914 | D:8      | Noticed a harpy
 11914 | D:8      | Noticed a black mamba
 11914 | D:8      | a harpy changed into a black mamba
 11923 | D:8      | Killed a black mamba
 12014 | D:8      | Killed an unseen horror
 12361 | D:9      | Found a staircase to the Orcish Mines.
 12375 | D:9      | Found a runed translucent gate.
 12376 | D:9      | Found a runed translucent gate.
 12376 | D:9      | Noticed MollyMolluskus's ghost (novice OpFi)
 12377 | D:9      | Found a runed translucent gate.
 12377 | D:9      | Noticed an 11-headed hydra
 12384 | D:9      | Offered knowledge of Mephitic Cloud by Vehumet.
 12720 | D:9      | Gained mutation: You are completely covered in slimy green
                  | scales. (AC +4, rPois) [demonic ancestry]
 12720 | D:9      | Reached XP level 11. HP: 62/68 MP: 14/24
 12726 | D:9      | Reached skill level 10 in Spellcasting
 12750 | D:9      | HP: 1/68 [yak (5)]
 13053 | D:9      | Noticed Maurice
 13067 | D:9      | Killed Maurice
 13205 | D:9      | Got an ivory falchion
 13218 | D:9      | Identified the +3 leather armour of Feamm {rC+ Regen+
                  | Stlth+} (You found it on level 7 of the Dungeon)
 13752 | D:10     | Entered Level 10 of the Dungeon
 13785 | D:9      | Reached skill level 10 in Conjurations
 13791 | D:9      | Reached **** piety under Vehumet
 13807 | D:10     | Reached skill level 1 in Evocations
 13809 | D:10     | Offered knowledge of Ignite Poison by Vehumet.
 13809 | D:10     | Reached skill level 1 in Hexes
 13887 | D:10     | Found a staircase to the Lair.
 13923 | Orc:1    | Entered Level 1 of the Orcish Mines
 14009 | Orc:2    | Entered Level 2 of the Orcish Mines
 14028 | Orc:2    | Reached skill level 10 in Fire Magic
 14063 | Orc:2    | Noticed an orc sorcerer
 14073 | Orc:2    | Paralysed by an orc sorcerer for 2 turns
 14080 | Orc:2    | Killed an orc sorcerer
 14241 | Orc:2    | HP: 1/68 [orc priest/divine providence (14)]
 14242 | Orc:2    | Killed from afar by an orc priest

Skill      XL: |  1  2  3  4  5  6  7  8  9 10 11 |
---------------+----------------------------------+-----
Fire Magic     | 3 4 5 6 7 9 10 | 10.2
Stealth        | 2 |  2.0
Dodging        | 2 |  2.0
Spellcasting   | 3 4 5 7 8 9 10 | 10.0
Conjurations   | 2 3 4 6 7 9 10 | 10.0
Evocations     | 2 |  2.2
Hexes          | 2 |  2.2

Action                   |  1- 3 |  4- 6 |  7- 9 | 10-12 || total
-------------------------+-------+-------+-------+-------++-------
Melee: Dagger            |    57 |    35 |    57 |       ||   149
       Headbutt          |     6 |     7 |     6 |    16 ||    35
       Flail             |       |       |     6 |    96 ||   102
 Fire: Blowgun           |       |       |     8 |       ||     8
 Cast: Flame Tongue      |    41 |   108 |   232 |   144 ||   525
       Throw Flame       |       |     7 |    86 |    33 ||   126
       Conjure Flame     |       |       |     3 |     2 ||     5
       Searing Ray       |       |       |     2 |    10 ||    12
       Sticky Flame      |       |       |       |     5 ||     5
  Use: Scroll            |       |       |    16 |     2 ||    18
       Potion            |       |       |     4 |     6 ||    10
 Stab: Sleeping          |     5 |     2 |     7 |     3 ||    17
  Eat: Chunk             |     4 |       |     9 |     3 ||    16
       Ration            |       |     2 |     3 |     4 ||     9
Armor: Robe              |    26 |    11 |    93 |    86 ||   216
       Leather armour    |       |       |       |    62 ||    62
Dodge: Dodged            |    49 |    43 |   119 |   141 ||   352
